 Dungeon Crawl Stone Soup version 0.28-a0-1002-gf00fe891ef (webtiles) character file.

Game seed: 11232857348288237261

21 mcbry74 the Ruffian (level 2, -1/27 HPs)
             Began as a Troll Gladiator on Dec 6, 2021.
             Slain by an orc priest (3 damage)
             ... on level 2 of the Dungeon.
             The game lasted 00:01:59 (867 turns).

mcbry74 the Ruffian (Troll Gladiator)                Turns: 867, Time: 00:02:00

Health: -1/27      AC:  4    Str: 21    XL:     2   Next: 65%
Magic:  1/1        EV: 10    Int:  4    God:
Gold:   25         SH:  0    Dex: 11    Spells: 1/1 levels left

rFire   . . .      SeeInvis +     - Unarmed
rCold   . . .      Faith    .   (no shield)
rNeg    . . .      Spirit   .   a - +0 robe
rPois   .          Reflect  .   b - +0 hat
rElec   .          Harm     .   (no cloak)
rCorr   .          Rampage  .   (gloves unavailable)
Will    .....                   (boots unavailable)
Stlth   +.........              (no amulet)
HPRegen 0.89/turn               f - ring of see invisible
MPRegen 0.07/turn               (no ring)

@: no status effects
A: large, unfitting armour, claws 3, regeneration 1, shaggy fur 1, tough skin 1
a: no special abilities


You were on level 2 of the Dungeon.
You visited 1 branch of the dungeon, and saw 2 of its levels.

You collected 25 gold pieces.

Inventory:

Hand Weapons
 j - a +0 club
Missiles
 c - 4 throwing nets
 k - 26 stones (quivered)
Armour
 a - a +0 robe (worn)
 b - a +0 hat (worn)
Jewellery
 f - a ring of see invisible (left claw)
 l - a ring of poison resistance
Scrolls
 e - a scroll of enchant armour {unknown}
 h - 2 scrolls of identify {unknown}
 n - a scroll of magic mapping {unknown}
Potions
 d - 2 potions of lignification {unknown}
 g - a potion of brilliance {unknown}
 i - 2 potions of degeneration {unknown}
 m - a potion of haste {unknown}


   Skills:
 - Level 1.5 Fighting
 + Level 0.3 Maces & Flails
 - Level 1.7 Throwing
 - Level 2.4 Dodging
 * Level 3.9 Unarmed Combat


You had one spell level left.
You didn't know any spells.
Your spell library was empty.

Dungeon Overview and Level Annotations

Branches:
Dungeon (2/15)

Altars:


Innate Abilities, Weirdness & Mutations

You are too large for most types of armour.
You have claws for hands.
Your natural rate of healing is unusually fast.
You are covered in fur. (AC +1)
You have tough skin. (AC +1)


Message History

A frilled lizard comes into view.
You see here a ring of poison resistance.
l - a ring of poison resistance
f - a ring of see invisible (left claw)
The frilled lizard hisses angrily.
The frilled lizard bites you.
You miss the frilled lizard.
The frilled lizard bites you but does no damage.
You scratch the frilled lizard.
You kill the frilled lizard!
Found a stone staircase leading up.
m - a fizzy cyan potion
n - a scroll labelled CEICKAU GIERCH You see here a frilled lizard corpse.
Found a stone staircase leading down.
You open the door. 3 orcs come into view.
The orc shouts! x2; You hear a shout!
Found a scroll labelled CEANUI PANKYG.
An orc priest comes into view. It is wielding a +0 hand axe.
The orc barely misses you.
You closely miss the orc. You claw the orc!
You kill the orc!
The orc closely misses you.
You claw the orc!
You kill the orc!
The orc misses you.
The orc priest invokes the aid of Beogh against you.
Beogh smites you!
Ouch! That really hurt!
The orc hits you with a +0 club.
The orc priest invokes the aid of Beogh against you.
Beogh smites you!
* * * LOW HITPOINT WARNING * * *
There is an open door, spattered with blood here.
Items here: )) [[.
Found a stone staircase leading up.
The orc priest hits you with a +0 hand axe.
You die...

# ....... # .......
##### ### .......##...#
##.#. #.. ........#...#
##.#.# #.# ........#...#
#...####.#
..?.....#...####.....<.#
........#...#.......###.
#..o@o...+...........
.......##...#....##.....
.......#.........###....
.......#......##........
......##......##.......#
...<..........##........
..###.........##.....###
.. #.........##.....#..
#.........##.....#.#


You could see an orc priest and an orc.

Vanquished Creatures
  A dart slug (D:1)
  2 orcs (D:2)
  An endoplasm (D:1)
  2 giant cockroaches (D:1)
  3 goblins
  2 frilled lizards
  3 kobolds (D:1)
  3 rats (D:1)
17 creatures vanquished.

Notes
Turn   | Place    | Note
-------+----------+-------------------------------------------
     0 | D:1      | mcbry74 the Troll Gladiator began the quest for the Orb.
     0 | D:1      | Reached XP level 1. HP: 19/19 MP: 0/0
   194 | D:1      | Reached XP level 2. HP: 26/27 MP: 1/1
   866 | D:2      | HP: 1/27 [orc priest/divine providence (9)]
   867 | D:2      | Slain by an orc priest

Illustrated notes

Levels and vault maps discovered:
D:1:      eino_arrival_water_star, layout_basic, hex_medium
D:2:      minmay_inner_zag, layout_basic, basic_altar, serial_bayou_pond_e

Action                   || total
-------------------------++-------
Melee: Unarmed           ||    30
 Stab: Sleeping          ||     1
Armor: Robe              ||     7
Dodge: Dodged            ||    11

Table legend: (Time is in decaauts)
 A = Elapsed time spent in this place.
 B = Non-inter-level travel time spent in this place.
 C = Inter-level travel time spent in this place.
 D = Time resting spent in this place.
 E = Time spent auto-exploring this place.
 F = Levels seen in this place.
 G = Mean time per level.
                   A        B        C        D        E       F      G
               +--------+--------+--------+--------+--------+-----+--------+
         Total |    865 |    783 |     82 |      0 |    649 |   2 |  432.5 |
       Dungeon |    865 |    783 |     82 |      0 |    649 |   2 |  432.5 |
               +--------+--------+--------+--------+--------+-----+--------+

Top non-repeatable levels by time:
     D:1: 706 daAuts
     D:2: 158 daAuts
